 Dungeon Crawl Stone Soup version 0.23.2-40-g277498a001 (webtiles) character file.

Game seed: 1301451709678158201

28 Glamhuggeren the Shield-Bearer (level 3, 30/30 HPs)
             Began as a Formicid Fighter on Oct 4, 2019.
             Quit the game on level 1 of the Dungeon on Oct 7, 2019.
             The game lasted 00:04:30 (903 turns).

Glamhuggeren the Shield-Bearer (Formicid Fighter)    Turns: 903, Time: 00:04:30

Health: 30/30      AC:  7    Str: 21    XL:     3   Next: 30%
Magic:  3/3        EV:  8    Int:  7    God:
Gold:   24         SH:  9    Dex: 10    Spells: 2/2 levels left

rFire    . . .     SeeInvis +   e - +2 dagger (holy)
rCold    . . .     Gourm    +   c - +0 shield
rNeg     . . .     Faith    .   b - +0 scale mail
rPois    .         Spirit   .   (helmet unavailable)
rElec    .         Reflect  .   (no cloak)
rCorr    .         Harm     .   (no gloves)
MR       .....                  (no boots)
Stlth    ..........             k - amulet of the gourmand
HPRegen  0.10/turn              (no ring)
MPRegen  0.08/turn              (no ring)

@: no status effects
A: permanent stasis, dig shafts and tunnels, four strong arms, antennae 3
a: Dig, Shaft Self


You were on level 1 of the Dungeon.
You were completely stuffed.

You visited 1 branch of the dungeon, and saw 1 of its levels.

You collected 24 gold pieces.

Inventory:

Hand Weapons
 a - a +0 war axe
 e - a +2 dagger of holy wrath (weapon)
Missiles
 n - 26 stones (quivered)
 r - 25 sling bullets
Armour
 b - a +0 scale mail (worn)
 c - a +0 shield (worn)
 s - a +0 large shield
Jewellery
 k - an amulet of the gourmand (around neck)
Scrolls
 g - 3 scrolls of identify {unknown}
 h - a scroll of remove curse {unknown}
 i - a scroll of noise {unknown}
 j - a scroll of enchant armour {unknown}
 m - a scroll of teleportation {unknown}
 q - 2 scrolls of enchant weapon {unknown}
Potions
 d - a potion of might
 l - a potion of agility {unknown}
 o - a potion of brilliance {unknown}
 p - a potion of lignification {unknown}
Comestibles
 f - a ration
 t - a chunk of flesh


   Skills:
 + Level 3.6 Fighting
 + Level 2.4 Axes
 + Level 3.7 Armour
 + Level 4.0 Shields


You had 2 spell levels left.
You didn't know any spells.
Your spell library was empty.

Dungeon Overview and Level Annotations

Branches:
Dungeon (1/15)

Altars:


Innate Abilities, Weirdness & Mutations

You cannot be hasted, slowed, berserked, paralysed or teleported.
You can dig through walls and to a lower floor.
Your four strong arms can wield two-handed weapons with a shield.
You have a pair of large antennae on your head. (SInv)


Message History

t - 3 chunks of flesh
Things that are here:
a +0 dagger; a goblin skeleton Eating one of 3 chunks of flesh.
You eat one of the 3 chunks of flesh.
This raw flesh tastes great.
Eating one of 2 chunks of flesh.
You eat one of the 2 chunks of flesh.
This raw flesh tastes great.
There is a stone staircase leading down here.
You see here a +0 club.
You see here a +0 club.
You see here a +0 club.
You enter the shallow water.
Moving in this stuff is going to be slow.
Done exploring.
You enter the shallow water.
Moving in this stuff is going to be slow.
There is a stone staircase leading down here.
Welcome back, Glamhuggeren the Formicid Fighter.
Press ? for a list of commands and other information.
Are you sure you want to abandon this character and quit the game? (Confirm with "yes".)

#.###.# #........##.###
#...#.# #.#.#.#####.#
#.#.#.## #.#.#.#####.#
#.#....# #.#.#.......#
#.#....####...........#
#........##...#######.#
#.............# #.#
##.......###..# #.#
##.....@.....# #.#
##...##.##### #.#
####.###.# #.# #....#
#.###########.# #.####
#....[........# #.###
#..############ #...#
#..# #P### ###.# #..###
##≈P.≈ #.# #....#
#.≈≈≈≈


There were no monsters in sight!

Vanquished Creatures
  2 leopard geckos (D:1)
  3 bats (D:1)
  A giant cockroach (D:1)
  5 goblins (D:1)
  5 hobgoblins (D:1)
  3 jackals (D:1)
  A frilled lizard (D:1)
  2 rats (D:1)
22 creatures vanquished.

Notes
Turn   | Place    | Note
-------+----------+-------------------------------------------
     0 | D:1      | Glamhuggeren the Formicid Fighter began the quest for the
                  | Orb.
     0 | D:1      | Reached XP level 1. HP: 18/18 MP: 1/1
    60 | D:1      | Reached XP level 2. HP: 14/24 MP: 2/2
   421 | D:1      | Reached XP level 3. HP: 18/29 MP: 3/3
   593 | D:1      | Reached skill level 4 in Shields
   903 | D:1      | Quit the game

Skill      XL: |  1  2  3 |
---------------+----------+-----
Shields        | 4 |  4.0
Fighting       | |  3.6
Axes           | |  2.4
Armour         | |  3.7

Action                   || total
-------------------------++-------
Melee: Dagger            ||    82
       War axe           ||     2
  Eat: Chunk             ||    13
Armor: Scale mail        ||    27
Dodge: Dodged            ||    26
Block: Shield            ||    40
